 Dungeon Crawl Stone Soup version 0.25-a0-663-gace7076f2c (webtiles) character file.

Game seed: 6769420731435432156, levelgen mode: deterministic

74 Conn the Magician (level 4, -3/27 HPs)
             Began as an Octopode Wizard on Mar 25, 2020.
             Slain by a gnoll
             ... wielding a +0 spear
              (9 damage)
             ... on level 2 of the Dungeon.
             The game lasted 00:06:10 (1699 turns).

Conn the Magician (Octopode Wizard)                 Turns: 1699, Time: 00:06:10

Health: -3/27      AC:  1    Str:  6    XL:     4   Next: 28%
Magic:  9/9        EV: 13    Int: 21    God:
Gold:   78         SH:  0    Dex: 10    Spells: 2/10 levels left

rFire    . . .     SeeInvis .   m - +0 dagger (vamp)
rCold    . . .     Gourm    .   (no shield)
rNeg     . . .     Faith    .   a - +0 hat
rPois    .         Spirit   .   (no amulet)
rElec    .         Reflect  .   (no ring)
rCorr    .         Harm     .   (no ring)
MR       .....                  (no ring)
Stlth    +++.......             (no ring)
HPRegen  0.09/turn              (no ring)
MPRegen  0.11/turn              (no ring)
                                (no ring)
                                (no ring)

@: no status effects
A: almost no armour, stealthy swim, amphibious, 8 rings, constrict 8, camouflage
1, gelatinous body 1
a: no special abilities


You were on level 2 of the Dungeon.
You were not hungry.

You visited 1 branch of the dungeon, and saw 3 of its levels.

You collected 78 gold pieces.

Inventory:

Hand Weapons
 b - a +0 spear
 m - a +0 vampiric dagger (weapon)
Missiles
 d - 58 stones (quivered)
 f - 25 bolts
 k - 19 sling bullets
 o - 19 poisoned darts
Armour
 a - a +0 hat (worn)
Jewellery
 n - a +3 ring of dexterity
Scrolls
 e - a scroll of teleportation
 g - 2 scrolls of noise
Comestibles
 c - 6 rations
 h - a chunk of flesh


   Skills:
 + Level 0.4 Fighting
 + Level 0.6 Short Blades
 + Level 1.0 Polearms
 + Level 2.5 Dodging
 + Level 3.3 Stealth
 + Level 3.7 Spellcasting
 + Level 1.3 Conjurations
 + Level 1.1 Summonings
 + Level 1.0 Translocations


You had 2 spell levels left.
You knew the following spells:

 Your Spells              Type           Power        Failure   Level  Hunger
a - Magic Dart            Conj           #...         7%          1    None
b - Blink                 Tloc           N/A          12%         2    ##.....
c - Call Imp              Summ           #.......     12%         2    ##.....
d - Conjure Flame         Conj/Fire      #.......     28%         3    ###....

Your spell library contained the following spells:

 Spells                   Type           Power        Failure   Level  Hunger
 Slow                     Hex            #.......     19%         2    ##.....
 Mephitic Cloud           Conj/Pois/Air  #.......     30%         3    ###....


Dungeon Overview and Level Annotations

Branches:
Dungeon (3/15)

Altars:
Elyvilon
Hepliaklqana
Kikubaaqudgha


Innate Abilities, Weirdness & Mutations

You cannot wear most types of armour.
You are very stealthy in the water. (Stealth+)
You are amphibious.
You can wear up to eight rings at the same time.
You can use your tentacles to constrict eight enemies at once.
Your skin changes colour to match your surroundings (Stealth+).
Your rubbery body absorbs attacks. (AC +1, EV +1)


Message History

You hit the gnoll but do no damage. You grab the gnoll.
You constrict the gnoll. The gnoll hits you with a +0 spear.
You hit the gnoll but do no damage.
The gnoll is lightly wounded.
You constrict the gnoll. The gnoll barely misses you.
You hit the gnoll but do no damage.
The gnoll is lightly wounded.
You constrict the gnoll, but do no damage.
The gnoll hits you with a +0 spear.
You hit the gnoll but do no damage.
The gnoll is lightly wounded.
You constrict the gnoll. The gnoll hits you with a +0 spear!
* * * LOW HITPOINT WARNING * * *
You hit the gnoll but do no damage. You squeeze the gnoll.
The gnoll is moderately wounded.
You constrict the gnoll. The gnoll closely misses you.
You hit the gnoll.
You feel better.
The gnoll is heavily wounded.
You constrict the gnoll. The gnoll hits you with a +0 spear!
You die...

.# #..## #. ..#
.# #..# #.## ...
.####..#######...
..#
....g.......##..#
####.#.####.##..#
#.......##.##..#
#O#####.##.##..#
##.#
#.##.##†.####.#.#
.g.#
#.##...†.@g....#
##.#
#.......#.###.#.#
#.#####.#######.#
#....÷..# #.#
###.##.## #.#
#.##.# ... #.##.#
#.# #.##.# #.#
#.##.#


You could see a gnoll.

Vanquished Creatures
  3 adders (D:2)
  A gnoll (D:2)
  A worm (D:2)
  A dart slug (D:1)
  2 leopard geckos
  3 giant cockroaches
  4 goblins
  A hobgoblin (D:1)
  2 kobolds (D:1)
  2 ball pythons (D:1)
  7 bats
  3 rats
30 creatures vanquished.

Vanquished Creatures (collateral kills)
  A frilled lizard (D:2)
1 creature vanquished.

Grand Total: 31 creatures vanquished

Notes
Turn   | Place    | Note
-------+----------+-------------------------------------------
     0 | D:1      | Conn the Octopode Wizard began the quest for the Orb.
     0 | D:1      | Reached XP level 1. HP: 11/11 MP: 4/4
   349 | D:1      | Reached XP level 2. HP: 17/17 MP: 0/6
   409 | D:1      | Learned a level 2 spell: Blink
   412 | D:1      | Learned a level 2 spell: Call Imp
   897 | D:2      | Noticed an ogre
  1027 | D:2      | Reached XP level 3. HP: 13/21 MP: 0/8
  1143 | D:2      | Learned a level 3 spell: Conjure Flame
  1263 | D:2      | Reached skill level 1 in Polearms
  1388 | D:2      | Reached XP level 4. HP: 27/27 MP: 9/9
  1464 | D:2      | Found a hazy altar of Hepliaklqana.
  1597 | D:2      | Found an ancient bone altar of Kikubaaqudgha.
  1645 | D:2      | Found a white marble altar of Elyvilon.
  1699 | D:2      | Slain by a gnoll

Levels and vault maps discovered:
D:1:      dpeg_arrival_three_same_balls, layout_basic, kennysheep_nondescript
D:2:      layout_loops_ring, lemuel_round_altar, lemuel_crystal_altar,
          cheibriados_altar_1, elyvilon_altar_4
D:3:      layout_basic, lemuel_crystal_altar, portal_sewer_entry_b,
          first_ration, uniq_robin

Skill      XL: |  1  2  3 |
---------------+----------+-----
Polearms       | 1 |  1.0
Stealth        | 3 |  3.3
Fighting       | |  0.4
Short Blades   | |  0.6
Dodging        | |  2.5
Spellcasting   | |  3.7
Conjurations   | |  1.3
Summonings     | |  1.1
Translocations | |  1.0

Action                   |  1- 3 |  4- 6 || total
-------------------------+-------+-------++-------
Melee: Spear             |    24 |       ||    24
       Constrict         |    16 |     3 ||    19
       Dagger            |    45 |    17 ||    62
       Tentacles         |     6 |     5 ||    11
 Cast: Magic Dart        |    19 |       ||    19
       Call Imp          |     3 |     4 ||     7
  Use: Potion            |     1 |     2 ||     3
       Scroll            |       |     2 ||     2
 Stab: Sleeping          |     1 |     4 ||     5
  Eat: Chunk             |     2 |     1 ||     3
Armor: Skin              |     7 |     1 ||     8
Dodge: Dodged            |    62 |    16 ||    78

Table legend:
 A = Non-vault XP
 B = Vault XP
 C = Vault XP percentage of total XP
 D = Non-vault monster count
 E = Vault monster count
 F = Vault count percentage of total count
                 A         B        C        D         E       F
            +---------+---------+-------+---------+---------+-------
      Total |     106 |       0 |   0.0 |      31 |       0 |   0.0
            +---------+---------+-------+---------+---------+-------
        D:1 |      28 |       0 |   0.0 |      15 |       0 |   0.0
        D:2 |      78 |       0 |   0.0 |      16 |       0 |   0.0
            +---------+---------+-------+---------+---------+-------
